 Dungeon Crawl Stone Soup version 0.20.1-1-g8b1a95d (webtiles) character file.

116 serax the Cudgeler (level 4, 0/39 HPs)
             Began as a Minotaur Berserker on Dec 8, 2017.
             Was a Believer of Trog.
             Slain by Purgy (1 damage)
             ... on level 3 of the Dungeon.
             The game lasted 00:12:02 (1833 turns).

serax the Cudgeler (Minotaur Berserker)             Turns: 1833, Time: 00:12:03

Health: 0/39       AC:  2    Str: 22    XL:     4   Next: 69%
Magic:  12/12      EV: 12    Int:  4    God:    Trog [**....]
Gold:   121        SH:  0    Dex: 12    Spells: 3/3 levels left

rFire    . . .     SeeInvis .   x - +0 whip (curse)
rCold    . . .     Gourm    .   (no shield)
rNeg     . . .     Faith    .   w - +0 robe (curse)
rPois    .         Spirit   .   (helmet restricted)
rElec    .         Reflect  .   (no cloak)
rCorr    .         Harm     .   (no gloves)
MR       .....                  (no boots)
Stlth    +.........             (no amulet)
Regen    0.2/turn               i - +2 ring of dexterity
MPRegen  0.2/turn               k - ring of magical power

@: no status effects
A: retaliatory headbutt, horns 2
a: Berserk, Trog's Hand, Burn Spellbooks, Renounce Religion


You were on level 3 of the Dungeon.
You worshipped Trog.
Trog was pleased with you.
You were not hungry.

You visited 1 branch of the dungeon, and saw 3 of its levels.

You collected 121 gold pieces.

Inventory:

Hand Weapons
 a - a +0 mace
 b - a +0 hunting sling
 x - a cursed +0 whip (weapon)
Missiles
 g - 47 stones (quivered)
Armour
 p - a +0 leather armour
 t - a +0 chain mail
 w - a cursed +0 robe (worn)
 y - a +0 large shield
Jewellery
 i - a +2 ring of dexterity (left hand)
 k - a ring of magical power (right hand)
Scrolls
 d - a scroll of teleportation {unknown}
 e - 3 scrolls of identify {unknown}
 f - a scroll of amnesia {unknown}
 j - a scroll of fear {unknown}
 q - a scroll of random uselessness {unknown}
 v - 2 scrolls of remove curse {unknown}
Potions
 h - 2 potions of invisibility {unknown}
 l - a potion of curing {unknown}
 m - a potion of mutation {unknown}
 o - a potion of brilliance {unknown}
 s - a potion of lignification {unknown}
 u - a potion of resistance {unknown}
Comestibles
 c - 6 bread rations
 n - 3 fruits
 r - 2 chunks of flesh


   Skills:
 - Level 3.6 Fighting
 * Level 6.5 Maces & Flails
 * Level 0.4 Slings
 - Level 2.4 Armour
 - Level 2.1 Dodging


You had 3 spell levels left.
You didn't know any spells.

Dungeon Overview and Level Annotations

Branches:
Dungeon (3/15)

Altars:

Annotations:
D:3 Purgy


Innate Abilities, Weirdness & Mutations

You reflexively headbutt those who attack you in melee.
You have a pair of horns on your head.


Message History

* * * LOW HITPOINT WARNING * * *
Purgy claws you.
* * * LOW HITPOINT WARNING * * *
You barely miss Purgy.
Purgy is lightly wounded.
Purgy misses you. Purgy claws you.
* * * LOW HITPOINT WARNING * * *
Purgy claws you.
* * * LOW HITPOINT WARNING * * *
You hit Purgy.
Purgy is moderately wounded.
Purgy barely misses you. You furiously retaliate!
You headbutt Purgy. Purgy claws you.
* * * LOW HITPOINT WARNING * * *
Purgy closely misses you.
You whack Purgy!
Purgy is severely wounded.
Purgy closely misses you. You furiously retaliate!
You headbutt Purgy! Purgy claws you.
You die...

.# # .## #. ..#
.#.####### ..#
......... ..##
......... ...#
........####...#
...........@T..#
...#...####...#
#...# ...# #...#
...#
#..<####.....
#.............
#...####...##.#
o..<..# .... .#
#.##...#


You could see Purgy.

Vanquished Creatures
  Jessica (D:2)
  A gnoll (D:1)
  4 adders (D:2)
  A worm (D:2)
  A dart slug (D:1)
  A leopard gecko (D:1)
  3 giant cockroaches
  3 goblins
  5 hobgoblins
  2 kobolds
  7 bats
  4 frilled lizards
  11 rats
44 creatures vanquished.

Notes
Turn   | Place    | Note
-------+----------+-------------------------------------------
     0 | D:1      | serax the Minotaur Berserker began the quest for the Orb.
     0 | D:1      | Reached XP level 1. HP: 19/19 MP: 0/0
   174 | D:1      | Reached skill level 4 in Maces & Flails
   246 | D:1      | Reached XP level 2. HP: 20/26 MP: 1/1
   438 | D:1      | Reached skill level 5 in Maces & Flails
   828 | D:1      | Reached XP level 3. HP: 29/31 MP: 2/2
   906 | D:2      | Noticed Jessica
  1181 | D:2      | Killed Jessica
  1181 | D:2      | Reached XP level 4. HP: 39/39 MP: 3/3
  1308 | D:2      | Reached skill level 6 in Maces & Flails
  1317 | D:2      | Reached ** piety under Trog
  1818 | D:3      | Noticed Purgy
  1832 | D:3      | HP: 1/39 [Purgy (3)]
  1833 | D:3      | Slain by Purgy

Skill      XL: |  1  2  3  4 |
---------------+-------------+-----
Maces & Flails | 4 5 6 |  6.5
Fighting       | |  3.6
Slings         | |  0.4
Armour         | |  2.4
Dodging        | |  2.1

Action                   |  1- 3 |  4- 6 || total
-------------------------+-------+-------++-------
Melee: Mace              |    45 |    17 ||    62
       Headbutt          |     4 |     5 ||     9
       Whip              |       |    31 ||    31
 Fire: Hunting sling     |       |     4 ||     4
Throw: Stone             |     6 |     3 ||     9
Invok: Berserk           |     1 |       ||     1
  Eat: Chunk             |     1 |     3 ||     4
Armor: Animal skin       |     9 |       ||     9
       Leather armour    |     3 |       ||     3
       Chain mail        |     1 |     8 ||     9
       Robe              |       |     4 ||     4
Dodge: Dodged            |    31 |    28 ||    59
